 Dungeon Crawl Stone Soup version 0.31.0-32-g396128a36d (webtiles) character file.

Game seed: 6657219300689949594

30 Peloso the Shield-Bearer (level 3, 33/33 HPs)
             Began as a Minotaur Fighter on Apr 10, 2024.
             Got out of the dungeon alive.
             The game lasted 00:01:47 (669 turns).

Peloso the Shield-Bearer (Minotaur Fighter)          Turns: 669, Time: 00:01:48

Health: 33/33      AC:  9    Str: 20    XL:     3   Next: 5%
Magic:  2/2        EV:  9    Int:  5    God:
Gold:   44         SH:  4    Dex: 11    Spells: 2/2 levels left

rFire   . . .        a - +0 long sword
rCold   . . .        c - +0 buckler
rNeg    . . .        b - +0 scale mail
rPois   .            (helmet restricted)
rElec   .            (no cloak)
rCorr   .            (no gloves)
SInv    .            (no boots)
Will    .....        (no amulet) Stlth
                     (no ring)
HPRegen 0.25/turn    (no ring)
MPRegen 0.08/turn

%: no passive effects
@: no status effects
A: horns 2, retaliatory headbutt, iridescent scales 1, subdued magic 1
a: no special abilities


You escaped.
You visited 1 branch of the dungeon, and saw 1 of its levels.

You collected 44 gold pieces.

Inventory:

Hand Weapons
 a - a +0 long sword (weapon)
Armour
 b - a +0 scale mail (worn)
 c - a +0 buckler (worn)
Scrolls
 g - a scroll of fear
 j - a scroll of fog
Potions
 d - a potion of might


   Skills:
 + Level 4.1 Fighting
 + Level 2.7 Long Blades
 + Level 4.0 Armour
 + Level 0.1 Dodging
 + Level 4.1 Shields


You had 2 spell levels left.
You didn't know any spells.
Your spell library was empty.

Dungeon Overview and Level Annotations

Branches:
Dungeon (1/15)

Altars:


Innate Abilities, Weirdness & Mutations

You have a pair of horns on your head.
You reflexively headbutt those who attack you in melee.
You are partially covered in iridescent scales. (AC +2)
Your spells are a little easier to cast, but a little less powerful.


Message History

You hit the gnoll.
The gnoll is almost dead.
The endoplasm freezes you.
You are frozen.
The gnoll hits you with a +0 club.
* * * LOW HITPOINT WARNING * * *
You slash the gnoll!
You kill the gnoll!
The endoplasm closely misses you. The endoplasm freezes you.
You are frozen.
* * * LOW HITPOINT WARNING * * *
You have reached level 3!
Your experience leads to an increase in your attributes!
Increase (S)trength, (I)ntelligence, or (D)exterity?
You feel agile. x2
You hit the endoplasm.
The endoplasm is heavily wounded.
The endoplasm freezes you.
You are frozen.
* * * LOW HITPOINT WARNING * * *
You slash the endoplasm!
You kill the endoplasm!
Found 2 poisoned darts.
It was a potion of mutation.
You feel extremely strange.
Your connection to magic feels subdued.
Iridescent scales grow over part of your body.
It was a potion of cancellation.
You feel magically purged.
As you read the scroll labelled WETUFU PUQA, it crumbles to dust.
A wave of despondency washes over your surroundings.
It was a scroll of vulnerability.
As you read the scroll labelled WEIXUT GOVAGHEU, it crumbles to dust.
You assume a fearsome visage.
Nothing appears to happen.
It was a scroll of fear.
As you read the scroll labelled JARIECV KUASS, it crumbles to dust.
It is a scroll of identify.
j - a scroll of fog What level of the Dungeon? (default 1, ? - help)
You feel your willpower return.
There is a staircase leading out of the dungeon here.
You have escaped!

...#######....####.#####
...'.........>#........#
...#######....#........#
...........##.#........#########
.........#####.................#
.........#####.8....##.#######.#
......##.##≈≈≈.......#.# #.#
......##.##≈§§§........# #.#
......##.##>§§≈.@8..8..# #.#
########.##≈≈§≈.......## #.#
.........##§≈≈.......## ### #.#
........######.8....## #.# #.#
####....######.....## #.# #.#
.#.#.......#......## #.# #.#
...........#.....## #.# #.#
#)##.##....#....## #.###.#
#..#.......#....# #.....#


There were no monsters in sight!

Vanquished Creatures
  A gnoll (D:1)
  A ball python (D:1)
  An endoplasm (D:1)
  A giant cockroach (D:1)
  A hobgoblin (D:1)
  4 jackals (D:1)
  A kobold (D:1)
  A quokka (D:1)
  4 bats (D:1)
  2 frilled lizards (D:1)
  2 goblins (D:1)
19 creatures vanquished.

Notes
Turn   | Place    | Note
-------+----------+-------------------------------------------
     0 | D:1      | Peloso the Minotaur Fighter began the quest for the Orb.
     0 | D:1      | Reached XP level 1. HP: 19/19 MP: 0/0
   110 | D:1      | Reached XP level 2. HP: 27/27 MP: 1/1
   503 | D:1      | Reached XP level 3. HP: 3/33 MP: 2/2
   625 | D:1      | Gained mutation: Your spells are a little easier to cast,
                  | but a little less powerful. [potion of mutation]
   625 | D:1      | Gained mutation: You are partially covered in iridescent
                  | scales. (AC +2) [potion of mutation]
   669 | D:$      | Got out of the dungeon alive.

Illustrated notes

Levels and vault maps discovered:
D:1:      grunt_arrival_lava_bath, layout_basic, kennysheep_another_room,
          minmay_octomino_e4

Skill      XL: |  1  2 |
---------------+-------+-----
Armour         | 4 |  4.0
Shields        | 4 |  4.1
Fighting       | 4 |  4.1
Long Blades    | |  2.7
Dodging        | |  0.1

Action                     || total
---------------------------++-------
  Melee: Long sword        ||    44
         Headbutt          ||     3
    Use: Scroll            ||     3
         Potion            ||     2
 Armour: Scale mail        ||    41
  Dodge: Dodged            ||    34
  Block: Buckler           ||    13
